 Dungeon Crawl Stone Soup version 0.21-a0-509-gecc5317 (webtiles) character file.

171 Gwenloh the Bolt Thrower (level 5, -11/32 HPs)
             Began as a Kobold Hunter on Nov 29, 2017.
             Killed by divine providence
             ... invoked by an orc priest
              (13 damage)
             ... on level 4 of the Dungeon.
             The game lasted 00:15:01 (4121 turns).

Gwenloh the Bolt Thrower (Kobold Hunter)            Turns: 4121, Time: 00:15:02

Health: -11/32     AC:  3    Str:  9    XL:     5   Next: 81%
Magic:  5/5        EV: 17    Int: 13    God:
Gold:   124        SH:  2    Dex: 16    Spells: 4/4 levels left

rFire    . . .     SeeInvis .   b - +0 short sword
rCold    . . .     Gourm    .   (shield restricted)
rNeg     . . .     Faith    .   y - +2 animal skin
rPois    .         Spirit   .   A - -2 helmet
rElec    .         Reflect  +   (no cloak)
rCorr    .         Harm     .   (no gloves)
MR       .....                  (no boots)
Stlth    ++........             x - +2 amulet of reflection
HPRegen  0.10/turn              e - ring of loudness
MPRegen  0.09/turn              (no ring)

@: no status effects
A: small, carnivore 3
a: no special abilities


You were on level 4 of the Dungeon.
You were completely stuffed.

You visited 1 branch of the dungeon, and saw 4 of its levels.

You collected 124 gold pieces.

Inventory:

Hand Weapons
 a - a +1 hand crossbow
 b - a +0 short sword (weapon)
Missiles
 B - 3 bolts
Armour
 c - a +0 leather armour
 v - a +0 helmet
 y - a +2 animal skin (worn)
 A - a -2 helmet (worn)
Jewellery
 d - an uncursed ring of protection from fire {unknown}
 e - a ring of loudness (left hand)
 x - a +2 amulet of reflection (around neck)
Scrolls
 g - a scroll of identify
 j - 2 scrolls of immolation {unknown}
 l - a scroll of fog {unknown}
 p - a scroll of amnesia {unknown}
 r - 4 scrolls of teleportation
 t - 2 scrolls of magic mapping {unknown}
Potions
 h - a potion of brilliance {unknown}
 i - a potion of lignification {unknown}
 k - a potion of flight {unknown}
 m - a potion of resistance {unknown}
 n - a potion of heal wounds
 o - 3 potions of haste
 q - 2 potions of invisibility {unknown}
 u - a potion of mutation {unknown}
 z - a potion of magic {unknown}
 C - a potion of ambrosia {unknown}
Comestibles
 f - 3 meat rations
 w - a royal jelly


   Skills:
 + Level 3.5 Fighting
 + Level 5.7 Crossbows
 + Level 3.9 Dodging
 + Level 3.8 Stealth


You had 4 spell levels left.
You didn't know any spells.

Dungeon Overview and Level Annotations

Branches:
Dungeon (4/15)
 Temple: D:4-7

Altars:
Ashenzari
Elyvilon
Gozag
Makhleb
Nemelex Xobeh
Sif Muna
Xom


Innate Abilities, Weirdness & Mutations

You are small and have problems with some larger weapons.
You are carnivorous and can eat meat at any time.


Message History

The orc priest is moderately wounded.
The orc priest hits you with a morningstar!
You barely miss the orc priest.
The orc priest is moderately wounded.
The orc priest misses you.
You hit the orc priest.
The orc priest is severely wounded.
The orc priest barely misses you.
You barely miss the orc priest.
The orc priest is severely wounded.
The orc priest closely misses you.
You hit the orc priest.
The orc priest is almost dead.
The orc priest hits you with a morningstar!
* * * LOW HITPOINT WARNING * * *
You hit the orc priest but do no damage.
The orc priest is almost dead.
The orc priest invokes the aid of Beogh against you.
Beogh smites you!
You die...

.......... ## #.........
... #.........
...######...........
........#...........
........+...........
........#...........
#.......##...#.##...
#......<''@o...##...#
#.......##...#.##...#######
#.......##...# ##..........
#............#+#...........
...........................
..........##...............
......###..................
...... #..................
...... #..................


You could see an orc priest.

Vanquished Creatures
  Jessica (D:3)
  An orc wizard (D:3)
  Robin (D:2)
  3 adders
  An ooze (D:3)
  2 worms (D:2)
  2 dart slugs
  A leopard gecko (D:1)
  4 orcs (D:3)
  9 bats
  2 giant cockroaches
  15 goblins
  2 hobgoblins (D:2)
  2 jackals (D:1)
  12 kobolds
  4 frilled lizards
  7 rats
69 creatures vanquished.

Notes
Turn   | Place    | Note
-------+----------+-------------------------------------------
     0 | D:1      | Gwenloh the Kobold Hunter began the quest for the Orb.
     0 | D:1      | Reached XP level 1. HP: 12/12 MP: 1/1
   161 | D:1      | Reached XP level 2. HP: 18/18 MP: 2/2
   242 | D:1      | Reached skill level 5 in Crossbows
   789 | D:2      | Reached XP level 3. HP: 22/22 MP: 3/3
  1184 | D:2      | You fall through a shaft for 2 floors!
  1234 | D:3      | Noticed Jessica
  1261 | D:3      | Killed Jessica
  1261 | D:3      | Reached XP level 4. HP: 4/28 MP: 4/4
  1984 | D:3      | Found a shattered altar of Ashenzari.
  1990 | D:3      | Found an opulent altar of Gozag.
  1991 | D:3      | Found a sparkling altar of Nemelex Xobeh.
  2339 | D:3      | Found a burning altar of Makhleb.
  2350 | D:3      | Noticed Robin
  2352 | D:3      | Reached XP level 5. HP: 31/32 MP: 5/5
  2635 | D:2      | Killed Robin
  3321 | D:3      | Found a deep blue altar of Sif Muna.
  3321 | D:3      | Found a faded altar of an unknown god.
  3326 | D:3      | Found a white marble altar of Elyvilon.
  3328 | D:3      | Found a faded altar of an unknown god.
  3329 | D:3      | Found a shimmering altar of Xom.
  4121 | D:4      | Killed from afar by an orc priest

Vault maps used:
D:1:      grunt_arrival_crossed_arrows
D:2:      serial_forest, infiniplex_forest_corner_1,
          infiniplex_forest_lined_corner, infiniplex_forest_lined_room_,
          infiniplex_forest_clump_long, infiniplex_forest_join,
          infiniplex_forest_clump_long, infiniplex_forest_straight_2
D:3:      overflow_temple_1_default, chequers_temple_overflow_minitemple,
          minitemple, first_bread, uniq_jessica, uniq_robin
D:4:      lemuel_doored_altar, lemuel_crystal_altar,
          minmay_temple_entry_junction_2

Skill      XL: |  1  2  3 |
---------------+----------+-----
Crossbows      | 5 |  5.7
Stealth        | 2 3 |  3.8
Dodging        | 3 |  3.9
Fighting       | 3 |  3.5

Action                   |  1- 3 |  4- 6 || total
-------------------------+-------+-------++-------
Melee: Short sword       |       |   115 ||   115
 Fire: Hand crossbow     |    64 |    34 ||    98
  Use: Scroll            |       |     4 ||     4
       Potion            |       |     1 ||     1
  Eat: Chunk             |     8 |    10 ||    18
Armor: Leather armour    |     1 |    10 ||    11
       Animal skin       |       |    11 ||    11
Dodge: Dodged            |    20 |   121 ||   141
Block: Other             |       |     2 ||     2

Table legend:
 A = Spawn XP
 B = Non-spawn XP
 C = Spawn XP percentage of total XP
 D = Spawn monster count
 E = Non-spawn monster count
 F = Spawn count percentage of total count
 G = Total turns spent on level
                    A         B        C        D         E        F      G
               +---------+---------+-------+---------+---------+-------+---------
         Total |       0 |     245 |   0.0 |       0 |      69 |   0.0 |  4121
               +---------+---------+-------+---------+---------+-------+---------
           D:1 |       0 |      23 |   0.0 |       0 |      14 |   0.0 |   785
           D:2 |       0 |      81 |   0.0 |       0 |      30 |   0.0 |  1397
           D:3 |       0 |     139 |   0.0 |       0 |      24 |   0.0 |  1847
           D:4 |       0 |       2 |   0.0 |       0 |       1 |   0.0 |    92
               +---------+---------+-------+---------+---------+-------+---------
